 Dungeon Crawl Stone Soup version 0.22-a0-91-g23542c2 (webtiles) character file.

540670 dstrtn the Slayer (level 25, -9/328 HPs)
             Began as an Ogre Berserker on Jan 21, 2018.
             Was a High Priest of Trog.
             Mangled by a death cob (13 damage)
             ... on level 1 of the Realm of Zot on Jan 22, 2018.
             The game lasted 04:32:39 (65606 turns).

dstrtn the Slayer (Ogre Berserker)                 Turns: 65606, Time: 04:32:40

Health: -9/328     AC: 19    Str: 32    XL:     25   Next: 97%
Magic:  9/9        EV: 17    Int:  8    God:    Trog [*****.]
Gold:   2138       SH:  0    Dex: 12    Spells: 24/24 levels left

rFire    + + .     SeeInvis .   a - +9 giant club (antimagic)
rCold    + + .     Gourm    .   (shield currently unavailable)
rNeg     . . .     Faith    +   S - +2 fire dragon scales
rPois    +         Spirit   .   z - +0 hat of Xivvu {MR++ Int-3}
rElec    .         Reflect  .   b - +2 cloak {+Inv}
rCorr    .         Harm     .   (gloves unavailable)
MR       +++++                  (boots unavailable)
Stlth    ..........             x - amulet of faith {!P}
HPRegen  0.64/turn              c - ring of Heapheg {rPois rC+++ Str+4 Int+3 Dex-4}
MPRegen  0.11/turn              B - +4 ring of evasion

@: about to teleport, very slightly contaminated, hasted and slowed, heavily
drained
A: large, unfitting armour, low mp 1, magic resistance 1, mutation resistance 1,
robust 1, tough skin 1
}: 3/15 runes: decaying, serpentine, abyssal
a: Berserk, Trog's Hand, Brothers in Arms, Burn Spellbooks, Renounce Religion,
Evoke Invisibility


You were on level 1 of the Realm of Zot.
You worshipped Trog.
Trog was extremely pleased with you.
You were not hungry.

You visited 8 branches of the dungeon, and saw 41 of its levels.
You visited the Abyss 3 times.

You collected 5970 gold pieces.
You spent 3832 gold pieces at shops.

Inventory:

Hand Weapons
 a - a +9 antimagic giant club (weapon)
 o - a +3 antimagic giant spiked club
Missiles
 q - 129 large rocks
 v - 5 poisoned tomahawks
 y - 25 poisoned javelins
 E - 12 tomahawks of returning
 J - 4 javelins
 T - 6 silver tomahawks
 U - 2 tomahawks
 Y - 12 steel javelins (quivered)
Armour
 b - a +2 cloak of invisibility (worn)
 z - the +0 hat of Xivvu (worn) {MR++ Int-3}
   (You found it on level 4 of the Depths)

   It affects your intelligence (-3).
   It affects your resistance to hostile enchantments.
 S - +2 fire dragon scales (worn)
Jewellery
 c - the ring of Heapheg (left hand) {rPois rC+++ Str+4 Int+3 Dex-4}
   (You bought it in a shop on level 1 of the Orcish Mines)

   [ring of intelligence]

   It affects your strength (+4).
   It affects your intelligence (+3).
   It affects your dexterity (-4).
   It renders you almost immune to cold.
   It protects you from poison.
 i - an uncursed ring of see invisible
 x - an amulet of faith (around neck) {!P}
 B - a +4 ring of evasion (right hand)
 O - the ring of Fragile Peace {rCorr Dex+3 Stlth+}
   (You found it on level 8 of the Dungeon)

   [ring of resist corrosion]

   It affects your dexterity (+3).
   It makes you more stealthy.
Wands
 A - a wand of acid (20)
 D - a wand of clouds (3)
 F - a wand of enslavement (18)
 I - a wand of paralysis (34)
 V - a wand of digging (70)
Scrolls
 f - 3 scrolls of enchant weapon
 j - a scroll of holy word
 r - 10 scrolls of fog
 s - 4 scrolls of blinking
 u - 6 scrolls of fear
 w - a scroll of vulnerability {!r}
 C - 11 scrolls of identify
 L - 3 scrolls of teleportation
 Q - 26 scrolls of remove curse
 W - 4 scrolls of magic mapping
Potions
 d - a potion of ambrosia
 e - 7 potions of agility
 g - 4 potions of lignification {!q}
 h - a potion of heal wounds
 k - 3 potions of flight
 l - 11 potions of curing
 n - 2 potions of invisibility {!q}
 p - 3 potions of haste {!q}
 t - 9 potions of mutation {!q}
 M - 3 potions of might
 P - 3 potions of cancellation {!q}
Miscellaneous
 m - a phial of floods
 G - a lightning rod (4/4) {!a}
 H - a fan of gales
 K - a box of beasts
 R - a lamp of fire
 X - a sack of spiders
Comestibles
 N - 44 rations


   Skills:
 + Level 26.0(21.9) Fighting
 - Level 22.0(18.2) Maces & Flails
 - Level 16.0(12.6) Throwing
 + Level 15.5(12.2) Armour
 + Level 13.8(10.7) Dodging
 + Level 10.9(8.0) Evocations


You had 24 spell levels left.
You didn't know any spells.

Dungeon Overview and Level Annotations

Branches:
Dungeon (15/15)            Temple (0/1) D:6            Lair (6/6) D:9
  Swamp (4/4) Lair:2        Snake (4/4) Lair:4        Slime (0/5) Lair:6
    Orc (2/2) D:9             Elf (0/3) Orc:2        Vaults (4/5) D:14
  Crypt (0/3) Vaults:3     Depths (5/5) D:15            Zot (1/5) Depths:5

Altars:
Fedhas
Hepliaklqana
Kikubaaqudgha
Qazlal
Ru
Uskayaw
Xom
Yredelemnul
Zin
Beogh
Jiyva

Shops:
Orc:1 =   Orc:2 }[(*   Vaults:2 :   Depths:1 *   Depths:3 [   Depths:4 %

Portals:
Hell: Depths:1 Depths:2 Depths:3 Depths:4 Depths:5
Abyss: Depths:4
Pandemonium: Depths:3
Ziggurat: Depths:3

Annotations:
Depths:3 exclusion: 2 downstairs
Depths:4 exclusion: downstairs


Innate Abilities, Weirdness & Mutations

You are too large for most types of armour.
You have tough skin. (AC +1)
Your magical capacity is low. (-10% MP)
You are resistant to hostile enchantments. (MR+)
You are somewhat resistant to further mutation.
You are robust. (+10% HP)


Message History

The golden dragon completely misses you.
The golden dragon misses you.
The moth of wrath goads the golden dragon on!
The golden dragon goes berserk!
The death cob misses you.
The purple draconian shifter gestures at you while chanting.
Your death cob blinks!
The golden dragon bites you!!
* * * LOW HITPOINT WARNING * * *
The golden dragon claws you but does no damage.
The golden dragon tramples you!!
* * * LOW HITPOINT WARNING * * *
You hold your ground!
The golden dragon bites you!!
* * * LOW HITPOINT WARNING * * *
The golden dragon barely misses you. The golden dragon closely misses you.
The moth of wrath goads the storm dragon on!
The storm dragon shakes off its lethargy.
The storm dragon goes berserk!
The death cob hits you!
You die...

##.......∩).........
...........(........
..........(q[.......
.d.........§........
...................
...)....d.dd.......
##########y.dD####
#####.zDD..####
......z@.......
#####..D...####
#..%...# #......#
#...#### #...# .....
......


You could see a shadow dragon (berserk), 2 golden dragons, a storm dragon
(berserk), a black draconian, 2 draconians, a white draconian, a purple
draconian shifter, a death cob, a moth of wrath and a friendly death cob.

Vanquished Creatures
  An ancient lich (Depths:3)
  Mennas (Depths:5)
  A juggernaut (Depths:4)
  Sojobo (Depths:5)
  3 caustic shrikes (Depths:4)
  A golden dragon (Depths:4)
  A profane servitor (Depths:3)
  6 bone dragons
  Jorgrun (Swamp:2)
  A tentacled monstrosity (Swamp:4)
  10 liches
  A Hell Sentinel (Abyss:3)
  2 titans
  A quicksilver dragon (Depths:4)
  An Executioner (Abyss:3)
  Frances (D:14)
  18 tentacled starspawn
  An acid blob (Depths:3)
  2 sphinxes
  A thorn hunter (Depths:3)
  Kirke (Snake:4)
  A shadow dragon (Vaults:4)
  4 tengu reavers
  2 storm dragons
  A draconian monk (Abyss:1)
  Donald (Snake:3)
  4 fire giants
  4 frost giants
  9 nagarajas
  An iron dragon (Depths:4)
  A draconian scorcher (Depths:5)
  A balrug (Abyss:3)
  6 deep elf sorcerers
  Aizul (Snake:1)
  4 vault wardens (Vaults:4)
  2 spriggan defenders (Depths:4)
  2 draconian stormcallers
  3 orc warlords
  A draconian shifter (Depths:5)
  A war gargoyle (Vaults:2)
  3 cacodemons (Abyss:3)
  A draconian annihilator (Abyss:3)
  14 ironheart preservers
  12 stone giants
  8 very ugly things
  2 entropy weavers
  An ophan (Abyss:3)
  A dire elephant (D:15)
  Nessos (D:13)
  2 lorocyprocas
  6 deep elf annihilators
  3 purple draconians (Depths:5)
  A vampire knight (Depths:2)
  A red draconian (Depths:5)
  3 deep elf demonologists
  2 white draconians (Depths:5)
  5 spark wasps
  2 eidola
  2 pearl dragon zombies (Depths:3)
  A crystal guardian (Abyss:3)
  A blizzard demon (Depths:2)
  4 green deaths
  2 deep elf death magi
  A quicksilver dragon zombie (Abyss:3)
  5 ettins
  3 jiangshi (Depths:5)
  7 fire dragons
  10 ogre magi
  8 great orbs of eyes
  14 hydras
  16 yaktaur captains
  2 vault guards
  14 naga warriors
  2 ghost crabs
  2 spriggan air magi
  9 anacondas
  8 rakshasas
  33 two-headed ogres
  8 centaur warriors
  A two-headed ogre (shapeshifter) (Depths:4)
  9 ice dragons
  Erica (Lair:1)
  3 death knights
  A satyr (Abyss:3)
  4 alligators
  4 deep troll earth magi
  23 thrashing horrors
  6 deep troll shamans
  8 hell hogs
  11 naga sharpshooters
  A titan zombie (Depths:4)
  4 orc high priests (Orc:2)
  A spriggan berserker (Depths:4)
  6 sun demons
  5 tengu warriors
  9 hell knights
  4 shock serpents
  2 storm dragon zombies
  2 vampire magi
  7 deep elf knights
  Sonja (D:11)
  A soul eater (Depths:2)
  23 wretched stars
  A shadow wraith (Abyss:3)
  A fire crab (Lair:6)
  6 sixfirhies (Abyss:3)
  A storm dragon skeleton (Abyss:3)
  5 flayed ghosts
  A death drake (Abyss:3)
  A salamander mystic (Snake:2)
  2 sea snakes (Snake:1)
  6 iron trolls
  20 deep trolls
  2 spatial maelstroms (Abyss:3)
  4 glowing orange brains
  A torturous demonspawn (Depths:3)
  8 naga ritualists
  An unseen horror (Vaults:1)
  10 swamp dragons
  7 deep elf archers
  An obsidian statue (Depths:2)
  4 wizards
  4 phantasmal warriors
  A wolf spider zombie (Abyss:3)
  9 harpies
  4 necromancers
  13 orc knights
  An anaconda skeleton (Abyss:1)
  6 oklob plants
  15 deep elf magi
  3 orb spiders
  11 ironbrand convokers
  58 large abominations
  A shining eye (Abyss:2)
  57 ugly things
  6 mana vipers
  A shadow dragon skeleton (Depths:4)
  7 wolf spiders
  A frost giant zombie (Vaults:3)
  4 manticores
  2 shining eyes (shapeshifter)
  A moth of wrath (Zot:1)
  14 salamanders
  A salamander (shapeshifter) (D:14)
  10 orc sorcerers
  11 worldbinders
  A frost giant skeleton (Vaults:3)
  A fire giant zombie (Abyss:2)
  8 cyclopes
  3 centaur zombies
  7 elephants
  4 apis skeletons (Depths:3)
  A fire giant skeleton (Vaults:3)
  6 guardian serpents
  A guardian serpent (shapeshifter) (Vaults:1)
  2 eyes of devastation (Abyss:3)
  33 black mambas
  3 rust devils
  18 naga magi
  Maurice (D:11)
  10 orange demons
  14 smoke demons
  An ice statue (D:9)
  13 vault sentinels
  2 apocalypse crabs
  A rime drake (Lair:1)
  A storm dragon simulacrum (Depths:4)
  2 gargoyles
  A komodo dragon (shapeshifter) (Vaults:4)
  32 spiny frogs
  18 freezing wraiths
  An efreet (Abyss:3)
  12 komodo dragons
  A hellion (Abyss:3)
  47 yaktaurs
  A tormentor (Abyss:3)
  4 hellwings (Abyss:3)
  4 ice devils
  A kobold demonologist (Abyss:3)
  4 demonic crawlers (Abyss:3)
  A hydra zombie (Abyss:3)
  A jumping spider (Vaults:4)
  15 ancient zymes
  A harpy zombie (D:15)
  6 tengu conjurers
  A meliai (shapeshifter) (Vaults:2)
  A polar bear (Lair:6)
  8 trolls
  9 tyrant leeches
  A jumping spider (shapeshifter) (Depths:4)
  A hornet (shapeshifter) (Depths:3)
  30 blink frogs
  A fire giant simulacrum (Vaults:1)
  10 bog bodies
  15 hornets
  49 slime creatures
  A raiju (shapeshifter) (Vaults:3)
  37 raiju
  13 hippogriffs
  5 redbacks (Vaults:4)
  A redback (shapeshifter) (Vaults:4)
  45 small abominations
  5 shadows
  9 spriggans
  8 flying skulls (Abyss:3)
  33 yaks
  2 elf skeletons (Depths:4)
  6 wyverns
  2 water elementals (Depths:1)
  3 wraiths
  10 ynoxinuls
  A fire dragon skeleton (Abyss:3)
  A hog (shapeshifter) (Depths:3)
  A tarantella (shapeshifter) (Depths:2)
  2 vampires
  2 basilisks
  A fire elemental (Abyss:2)
  3 fire bats (Abyss:1)
  7 chaos spawn
  3 hogs (Snake:4)
  29 vampire mosquitoes
  Menkaure (D:7)
  7 wargs
  5 spatial vortices (Abyss:3)
  13 neqoxecs
  A swamp worm (shapeshifter) (Depths:4)
  2 acid dragons
  16 insubstantial wisps
  63 nagas
  A soldier ant (shapeshifter) (Vaults:4)
  24 swamp worms
  14 water moccasins
  8 hell hounds (Abyss:3)
  10 swamp drakes
  57 orc warriors
  5 porcupines
  4 ice beasts
  3 sky beasts
  2 black bears
  45 ogres
  3 phantoms
  7 boggarts
  2 eyes of draining (D:10)
  14 wolves
  22 centaurs
  9 crocodiles
  Blork the orc (D:4)
  29 bullfrogs
  An earth elemental (Abyss:3)
  A water moccasin zombie (D:8)
  6 scorpions
  An elf simulacrum (Vaults:3)
  A water moccasin skeleton (D:8)
  3 killer bees (D:10)
  13 wights
  5 electric eels
  3 howler monkeys
  12 crimson imps
  16 quasits
  39 starcursed masses
  2 bullfrog zombies
  A human simulacrum (Vaults:3)
  12 iron imps
  4 jellies
  32 orc priests
  A bullfrog skeleton (D:13)
  7 hounds
  4 centaur skeletons
  26 orc wizards
  5 iguanas
  12 worker ants
  2 lightning spires (Abyss:3)
  A hound zombie (D:7)
  A hound skeleton (D:11)
  A worker ant zombie (D:5)
  4 gnolls (D:8)
  11 adders
  6 shadow imps
  11 white imps
  6 ufetubi
  An ooze (D:5)
  2 adder skeletons
  5 worms
  5 dart slugs
  3 leopard geckos
  127 orcs
  8 giant cockroaches
  7 goblins
  11 hobgoblins
  19 jackals
  4 kobolds
  7 quokkas
  4 ball pythons
  7 bats
  6 frilled lizards
  A leopard gecko skeleton (D:4)
  A leopard gecko zombie (D:8)
  7 rats
  2 plants (Snake:1)
  16 starspawn tentacles
2285 creatures vanquished.

Vanquished Creatures (collateral kills)
  Nikola (Swamp:2)
  A lich (Abyss:3)
  A Hell Sentinel (Abyss:3)
  A quicksilver dragon (Zot:1)
  Roxanne (Swamp:1)
  A shadow dragon (Zot:1)
  Louise (Swamp:1)
  2 vault wardens
  A stone giant (Depths:1)
  A red draconian (Zot:1)
  A blizzard demon (Abyss:3)
  A green death (Swamp:4)
  A yaktaur captain (Depths:4)
  A merfolk impaler (Abyss:3)
  A vault guard (Vaults:2)
  2 anacondas
  An ogre mage (Depths:1)
  4 two-headed ogres (Depths:1)
  An alligator (Swamp:1)
  An orc high priest (Orc:2)
  A thrashing horror (Abyss:3)
  2 hell knights (Depths:4)
  A spatial maelstrom (Abyss:3)
  A deep troll (Depths:1)
  2 ironbrand convokers (Vaults:2)
  2 swamp dragons (Swamp:1)
  A naga ritualist (Snake:1)
  2 orc knights
  The ghost of KristoblXynda the Grappler, a novice DrTm of Ashenzari (D:8)
  A salamander (Snake:4)
  3 large abominations (Abyss:3)
  A guardian serpent (Snake:4)
  A worldbinder (Abyss:3)
  An ugly thing (Depths:1)
  4 black mambas
  3 smoke demons (Abyss:3)
  A gargoyle (D:8)
  2 spiny frogs
  An ancient zyme (Abyss:3)
  6 blink frogs (Lair:6)
  2 bog bodies
  4 raiju (Abyss:3)
  A flying skull (Abyss:3)
  A yak (D:8)
  A water elemental (Depths:1)
  A chaos spawn (Abyss:3)
  A small abomination (Abyss:3)
  2 ynoxinuls (Abyss:3)
  A vampire mosquito (Swamp:1)
  3 water moccasins
  An ice beast (Abyss:3)
  An ogre (Depths:1)
  2 crocodiles
  An electric eel (Snake:1)
  7 starcursed masses (Abyss:3)
  A quasit (Abyss:3)
  An orc wizard (D:8)
  4 lightning spires (Abyss:3)
  3 orcs
100 creatures vanquished.

Vanquished Creatures (others)
  A bone dragon (Depths:5)
  An ironheart preserver (Vaults:4)
  A stone giant (Depths:2)
  An entropy weaver (Vaults:4)
  An ice dragon (Depths:5)
  A rakshasa (Abyss:3)
  2 anacondas (Snake:1)
  A hell knight (Depths:4)
  A deep troll (Vaults:4)
  A flayed ghost (Depths:4)
  A naga ritualist (Snake:2)
  A necromancer (Depths:4)
  A smoke demon (Abyss:3)
  A yaktaur (Vaults:2)
  A blink frog (Abyss:3)
  2 raiju (Abyss:3)
  A chaos spawn (Depths:3)
  A human (Snake:4)
  A vampire mosquito (Lair:6)
  An orc warrior (Orc:1)
  An ogre (Vaults:1)
  A boggart (Vaults:3)
  An orc priest (Orc:1)
  An iron imp (Abyss:2)
  An adder (Snake:1)
  An ufetubus (Depths:3)
  An orc (Vaults:2)
  31 fungi
  3 lurking horrors (Abyss:3)
  84 plants
  21 starspawn tentacles
168 creatures vanquished.

Grand Total: 2553 creatures vanquished

Notes
Turn   | Place    | Note
-------+----------+-------------------------------------------
     0 | D:1      | dstrtn the Ogre Berserker began the quest for the Orb.
     0 | D:1      | Reached XP level 1. HP: 24/24 MP: 1/1
   226 | D:1      | Reached XP level 2. HP: 32/32 MP: 2/2
   554 | D:1      | Reached ** piety under Trog
   622 | D:1      | Reached XP level 3. HP: 40/40 MP: 3/3
   862 | D:2      | Found a blossoming altar of Fedhas.
  1412 | D:3      | Reached XP level 4. HP: 36/49 MP: 4/4
  1516 | D:3      | Reached skill level 5 in Fighting
  2046 | D:3      | Reached XP level 5. HP: 39/57 MP: 5/5
  2163 | D:3      | Reached *** piety under Trog
  2550 | D:4      | Reached skill level 5 in Maces & Flails
  2550 | D:4      | Reached XP level 6. HP: 67/67 MP: 6/6
  2590 | D:4      | Reached skill level 6 in Fighting
  3076 | D:4      | Noticed Blork the orc
  3099 | D:4      | Killed Blork the orc
  3099 | D:4      | Reached XP level 7. HP: 76/76 MP: 7/7
  3332 | D:4      | Reached skill level 7 in Fighting
  3604 | D:4      | Reached **** piety under Trog
  3717 | D:5      | Entered Level 5 of the Dungeon
  3854 | D:5      | Reached XP level 8. HP: 88/88 MP: 8/8
  4232 | D:5      | Reached skill level 8 in Fighting
  4616 | D:4      | Found a shimmering altar of Xom.
  5151 | D:6      | Found a hide-covered altar of Uskayaw.
  5227 | D:6      | Reached skill level 1 in Evocations
  5508 | D:6      | Found a staircase to the Ecumenical Temple.
  6006 | D:7      | Reached skill level 9 in Fighting
  6118 | D:7      | Reached XP level 9. HP: 61/98 MP: 10/10
  7024 | D:7      | Noticed Menkaure
  7039 | D:7      | Killed Menkaure
  7675 | D:8      | Reached skill level 10 in Fighting
  7689 | D:8      | Noticed KristoblXynda's ghost (novice DrTm)
  7703 | D:8      | Killed KristoblXynda's ghost
  7718 | D:8      | Noticed a two-headed ogre
  7727 | D:8      | Killed a two-headed ogre
  7727 | D:8      | Reached skill level 10 in Maces & Flails
  7727 | D:8      | Reached XP level 10. HP: 42/111 MP: 11/13
  8411 | D:8      | Noticed a gargoyle
  8438 | D:8      | Killed a gargoyle
  8440 | D:8      | Reached skill level 11 in Fighting
  8469 | D:8      | Got an iridescent hand crossbow
  8655 | D:7      | Identified the +8 hand crossbow of the Endless March {elec, Dex+3} (You found it on level 8 of the Dungeon)
  8929 | D:8      | Found a sacrificial altar of Ru.
  9127 | D:8      | Got a transparent pewter ring
  9229 | D:8      | Identified the ring of Fragile Peace {rCorr Dex+3 Stlth+} (You found it on level 8 of the Dungeon)
  9246 | D:9      | Noticed a two-headed ogre
  9495 | D:9      | Found a staircase to the Lair.
  9592 | D:9      | Reached skill level 5 in Evocations
  9802 | D:9      | Noticed an ice statue
  9924 | D:9      | Killed a two-headed ogre
  9924 | D:9      | Reached XP level 11. HP: 88/123 MP: 14/14
 10363 | D:9      | Found a staircase to the Orcish Mines.
 10505 | Lair:1   | Entered Level 1 of the Lair of Beasts
 10831 | Lair:1   | Reached skill level 12 in Fighting
 11063 | Lair:1   | Noticed Erica
 11070 | Lair:1   | Killed Erica
 11070 | Lair:1   | Reached skill level 1 in Throwing
 12298 | Lair:2   | Found a staircase to the Swamp.
 12875 | Lair:2   | Reached skill level 5 in Dodging
 13255 | Lair:2   | Noticed a six-headed hydra
 13264 | Lair:2   | Killed a six-headed hydra
 13264 | Lair:2   | Reached XP level 12. HP: 88/133 MP: 15/15
 13773 | Lair:3   | Noticed a six-headed hydra
 13779 | Lair:3   | Killed a six-headed hydra
 13779 | Lair:3   | Reached skill level 13 in Fighting
 14259 | Lair:3   | Received a gift from Trog
 14849 | Lair:4   | Reached skill level 5 in Throwing
 14942 | Lair:4   | Found a staircase to the Snake Pit.
 15439 | Lair:4   | Received a gift from Trog
 16126 | Lair:4   | Reached XP level 13. HP: 145/145 MP: 16/16
 16196 | Lair:4   | Got an encrusted hand axe
 16463 | Lair:5   | Got a fine rapier
 16495 | Lair:5   | Reached skill level 14 in Fighting
 18008 | Lair:6   | Entered Level 6 of the Lair of Beasts
 19045 | Lair:6   | Reached ***** piety under Trog
 19084 | Lair:6   | Found a viscous altar of Jiyva.
 19085 | Lair:6   | Found a staircase to the Slime Pits.
 19297 | Lair:6   | Received a gift from Trog
 19730 | Lair:6   | Received a gift from Trog
 20195 | Lair:6   | Reached XP level 14. HP: 157/157 MP: 17/17
 20514 | Lair:6   | Reached skill level 15 in Fighting
 20682 | Lair:6   | Received a gift from Trog
 21189 | Lair:6   | Reached skill level 15 in Maces & Flails
 21834 | D:10     | Entered Level 10 of the Dungeon
 22567 | D:10     | Received a gift from Trog
 22917 | D:11     | Got a brightly glowing rapier
 23093 | D:11     | Noticed Sonja
 23095 | D:11     | Killed Sonja
 23219 | D:11     | Noticed Maurice
 23224 | D:11     | Killed Maurice
 23905 | Orc:1    | Entered Level 1 of the Orcish Mines
 23933 | Orc:1    | Noticed an orc warlord
 23953 | Orc:1    | Killed an orc warlord
 24159 | Orc:1    | Received a gift from Trog
 24440 | Orc:2    | Entered Level 2 of the Orcish Mines
 24887 | Orc:1    | Found Jiannus's Jewellery Emporium.
 24895 | Orc:1    | Bought the ring of Heapheg {rPois rC+++ Str+4 Int+3 Dex-4} for 928 gold pieces
 25327 | Orc:2    | Found a staircase to the Elven Halls.
 25755 | Orc:2    | Received a gift from Trog
 25820 | Orc:2    | Found a roughly hewn altar of Beogh.
 25905 | Orc:2    | Found Pepeheup's Weapon Boutique.
 25979 | Orc:2    | Found Lixkaes's General Store.
 25993 | Orc:2    | Bought a scroll of blinking for 135 gold pieces
 25993 | Orc:2    | Bought a scroll of identify for 36 gold pieces
 26066 | Orc:2    | Noticed an orc warlord
 26091 | Orc:2    | Killed an orc warlord
 26091 | Orc:2    | Reached XP level 15. HP: 169/169 MP: 4/19
 26173 | Orc:2    | Found Beuddure's Gadget Shop.
 26491 | Orc:2    | Found Zeshrycs's Antique Armour Boutique.
 26511 | Orc:2    | Found a roughly hewn altar of Beogh.
 26541 | Orc:2    | Bought a ripped robe for 171 gold pieces
 26553 | Orc:2    | Identified the +1 robe "Buan Lunt" {rN+} (You bought it in a shop on level 2 of the Orcish Mines)
 26594 | Orc:2    | Bought a wand of paralysis (17) for 228 gold pieces
 26594 | Orc:2    | Bought a wand of enslavement (11) for 156 gold pieces
 26594 | Orc:2    | Bought a wand of iceblast (5) for 108 gold pieces
 26656 | Orc:2    | Bought a scroll of enchant armour for 135 gold pieces
 26656 | Orc:2    | Bought a potion of heal wounds for 90 gold pieces
 26690 | Orc:1    | Bought an uncursed ring of see invisible for 225 gold pieces
 27097 | D:12     | Reached skill level 16 in Fighting
 27133 | D:12     | Found a large runed door.
 27133 | D:12     | Found a large runed door.
 27579 | D:12     | Received a gift from Trog
 27826 | D:13     | Reached ****** piety under Trog
 27989 | D:13     | Noticed Nessos
 27997 | D:13     | Killed Nessos
 28060 | D:13     | Received a gift from Trog
 28772 | D:14     | Noticed Frances
 28826 | D:14     | Received a gift from Trog
 29325 | D:15     | Entered Level 15 of the Dungeon
 29544 | D:15     | Found a stormy altar of Qazlal.
 29598 | D:15     | Reached skill level 10 in Dodging
 29658 | D:15     | Reached skill level 10 in Throwing
 29683 | D:15     | Received a gift from Trog
 29759 | D:15     | Reached XP level 16. HP: 144/180 MP: 7/21
 30233 | D:15     | Found a staircase to the Depths.
 30751 | Depths:1 | Entered Level 1 of the Depths
 30764 | Depths:1 | Got a scorched ivory ring
 30768 | Depths:1 | Identified the cursed ring of Qioschuo {rF+ EV-3 Dex+2} (You found it on level 1 of the Depths)
 30783 | Depths:1 | Found Kiumos's Profane Products.
 30784 | Depths:1 | Found a basalt altar of Yredelemnul.
 30923 | Depths:1 | Received a gift from Trog
 31159 | Depths:1 | Noticed a sphinx
 31165 | Depths:1 | Killed a sphinx
 31412 | Depths:1 | Got a polished quarterstaff
 31444 | Depths:1 | Reached skill level 17 in Fighting
 32595 | Depths:1 | Reached XP level 17. HP: 98/191 MP: 7/23
 32600 | Depths:1 | Reached skill level 1 in Armour
 33071 | Orc:2    | Bought 2 potions of haste for 360 gold pieces
 33247 | Swamp:1  | Entered Level 1 of the Swamp
 33251 | Swamp:1  | Noticed Louise
 33264 | Swamp:1  | Killed Louise
 33266 | Swamp:1  | Noticed Roxanne
 33271 | Swamp:1  | Received a gift from Trog
 33279 | Swamp:1  | Killed Roxanne
 33599 | Swamp:1  | Cast into level 2 of the Abyss (spriggan rider)
 33918 | Abyss:2  | Noticed a bone dragon
 34104 | Abyss:2  | Received a gift from Trog
 34158 | Abyss:2  | Noticed a bone dragon
 34166 | Abyss:2  | Killed a bone dragon
 34168 | Swamp:1  | Escaped the Abyss
 34660 | Swamp:2  | Received a gift from Trog
 34749 | Swamp:2  | Noticed Nikola
 34756 | Swamp:2  | Killed Nikola
 34756 | Swamp:2  | Reached skill level 5 in Armour
 34971 | Swamp:2  | Noticed Jorgrun
 34983 | Swamp:2  | Killed Jorgrun
 34983 | Swamp:2  | Received a gift from Trog
 36117 | Swamp:4  | Entered Level 4 of the Swamp
 36266 | Swamp:4  | Reached XP level 18. HP: 158/202 MP: 8/24
 36629 | Swamp:4  | Received a gift from Trog
 36769 | Swamp:4  | Received a gift from Trog
 37183 | Swamp:4  | Noticed a tentacled monstrosity
 37185 | Swamp:4  | Reached skill level 18 in Fighting
 37342 | Swamp:4  | Received a gift from Trog
 37398 | Swamp:4  | Killed a tentacled monstrosity
 37558 | Swamp:4  | Got a decaying rune of Zot
 37832 | Snake:1  | Entered Level 1 of the Snake Pit
 38217 | Snake:1  | Noticed Aizul
 38227 | Snake:1  | Killed Aizul
 39043 | Snake:1  | Received a gift from Trog
 40421 | Snake:2  | Reached XP level 19. HP: 214/214 MP: 8/25
 40817 | Snake:3  | Noticed Donald
 40822 | Snake:3  | Killed Donald
 41197 | Snake:3  | Received a gift from Trog
 41299 | Snake:3  | Reached skill level 10 in Armour
 41553 | Snake:4  | Entered Level 4 of the Snake Pit
 41564 | Snake:4  | Reached skill level 19 in Fighting
 41841 | Snake:4  | HP: 10/215 [salamander/arrow (3)]
 42202 | Snake:4  | Received a gift from Trog
 42290 | Snake:4  | Noticed Kirke
 42298 | Snake:4  | Killed Kirke
 42519 | Snake:4  | Cast into level 3 of the Abyss (naga warrior)
 42640 | Snake:4  | Escaped the Abyss
 43620 | Snake:4  | Got a serpentine rune of Zot
 44109 | D:12     | Found a glowing silver altar of Zin.
 44116 | D:12     | Found a hazy altar of Hepliaklqana.
 44226 | D:14     | Killed Frances
 44264 | D:14     | Found a gate to the Vaults.
 44295 | Vaults:1 | Entered Level 1 of the Vaults
 44387 | Vaults:1 | Reached XP level 20. HP: 227/227 MP: 9/27
 44902 | Vaults:1 | Received a gift from Trog
 45965 | Vaults:2 | Reached skill level 10 in Evocations
 46099 | Vaults:2 | Received a gift from Trog
 46335 | Vaults:2 | Reached skill level 20 in Fighting
 46768 | Vaults:2 | Found Nexziss's Book Shoppe.
 47263 | Vaults:2 | Received a gift from Trog
 47678 | Vaults:3 | Found a staircase to the Crypt.
 47678 | Vaults:3 | Found a basalt altar of Yredelemnul.
 47679 | Vaults:3 | Found an ancient bone altar of Kikubaaqudgha.
 48208 | Vaults:3 | Received a gift from Trog
 48247 | Vaults:3 | Reached XP level 21. HP: 237/237 MP: 9/28
 48295 | Vaults:3 | Reached skill level 15 in Throwing
 48329 | Vaults:3 | Received a gift from Trog
 49334 | Vaults:4 | Paralysed by a lich for 5 turns
 49772 | Vaults:4 | Received a gift from Trog
 50713 | Vaults:4 | Received a gift from Trog
 50959 | Vaults:4 | Received a gift from Trog
 51354 | Depths:1 | Found a gateway to Hell.
 51382 | Depths:1 | Reached XP level 22. HP: 241/247 MP: 9/29
 51499 | Depths:1 | Upgraded the game from 0.22-a0-86-g94e0ad4 to 0.22-a0-91-g23542c2
 51696 | Depths:2 | Received a gift from Trog
 52365 | Depths:2 | Received a gift from Trog
 52421 | Depths:2 | Identified a scroll of acquirement
 52506 | Depths:2 | Found the +2 ratskin cloak {+Rats rPois rN+ Str-1 Int-1 Dex+1}
 52759 | Depths:3 | Reached skill level 15 in Armour
 52836 | Depths:3 | Found Bydgh's Antique Armour Shop.
 52839 | Depths:3 | Received a gift from Trog
 52980 | Depths:3 | Found a one-way gate leading to the halls of Pandemonium.
 53010 | Depths:3 | Received a gift from Trog
 53101 | Depths:3 | Noticed an ancient lich
 53337 | Depths:3 | Found a gateway to a ziggurat.
 53353 | Depths:3 | Received a gift from Trog
 53783 | Depths:3 | Killed an ancient lich
 54287 | Depths:3 | Found a basalt altar of Yredelemnul.
 54298 | Depths:3 | Noticed a profane servitor
 54314 | Depths:3 | Killed a profane servitor
 54468 | Depths:4 | Found Vonkiu's Food Emporium.
 54488 | Depths:4 | Noticed a caustic shrike
 54488 | Depths:4 | Noticed a caustic shrike
 54490 | Depths:4 | Noticed a caustic shrike
 54504 | Depths:4 | Killed a caustic shrike
 54726 | Depths:4 | Killed a caustic shrike
 54726 | Depths:4 | Reached skill level 21 in Fighting
 54732 | Depths:4 | Noticed a juggernaut
 54853 | Depths:4 | Reached XP level 23. HP: 243/260 MP: 10/30
 55105 | Depths:4 | Noticed a golden dragon
 55108 | Depths:4 | Paralysed by a sphinx for 7 turns
 55130 | Depths:4 | Killed a golden dragon
 55391 | Depths:4 | Got a transparent hat
 55398 | Depths:4 | Identified the +0 hat of Xivvu {MR++ Int-3} (You found it on level 4 of the Depths)
 55665 | Depths:4 | Received a gift from Trog
 56474 | Depths:4 | Reached skill level 22 in Fighting
 56476 | Depths:4 | Found a one-way gate to the infinite horrors of the Abyss.
 56490 | Depths:4 | Killed a juggernaut
 57113 | Depths:4 | Killed a caustic shrike
 57267 | Depths:4 | Voluntarily entered the Abyss.
 57559 | Abyss:1  | Received a gift from Trog
 58167 | Abyss:1  | Found a snail-covered altar of Cheibriados.
 58438 | Abyss:2  | Reached skill level 23 in Fighting
 58498 | Abyss:2  | Reached XP level 24. HP: 243/278 MP: 10/30
 58532 | Abyss:2  | Received a gift from Trog
 58609 | Abyss:2  | Gained mutation: You are dopey. (Int -2) [a shining eye]
 58747 | Abyss:3  | Found an iron altar of Okawaru.
 58821 | Abyss:3  | Found an iron altar of Okawaru.
 58862 | Abyss:3  | Found an iron altar of Okawaru.
 58893 | Abyss:3  | Paralysed by accursed screaming for 1 turns
 59265 | Abyss:3  | Received a gift from Trog
 59381 | Abyss:3  | Paralysed by accursed screaming for 2 turns
 59498 | Abyss:3  | Received a gift from Trog
 59508 | Abyss:3  | Found a burning altar of Makhleb.
 59534 | Abyss:3  | HP: 12/279 [raiju (9)]
 59761 | Abyss:3  | Reached skill level 24 in Fighting
 59766 | Abyss:3  | Received a gift from Trog
 59971 | Abyss:3  | Lost mutation: You are dopey. (Int -2) [a neqoxec]
 60314 | Abyss:3  | Gained mutation: Scrolls take you a little longer to read. [a neqoxec]
 60539 | Abyss:3  | Gained mutation: Your magical capacity is low. (-10% MP) [a neqoxec]
 60540 | Abyss:3  | Gained mutation: You are weak. (Str -2) [a neqoxec]
 60605 | Abyss:3  | Received a gift from Trog
 60784 | Abyss:3  | Received a gift from Trog
 60838 | Abyss:3  | Gained mutation: You tend to lose your temper in combat. [a cacodemon]
 60887 | Abyss:3  | Found a corrupted altar of Lugonu.
 61012 | Abyss:3  | Found a corrupted altar of Lugonu.
 61093 | Abyss:3  | Received a gift from Trog
 61263 | Abyss:3  | Reached XP level 25. HP: 216/293 MP: 9/27
 61348 | Abyss:3  | Lost mutation: You are weak. (Str -2) [potion of mutation]
 61348 | Abyss:3  | Lost mutation: You tend to lose your temper in combat. [potion of mutation]
 61348 | Abyss:3  | Lost mutation: Scrolls take you a little longer to read. [potion of mutation]
 61348 | Abyss:3  | Gained mutation: You are robust. (+10% HP) [potion of mutation]
 61348 | Abyss:3  | Gained mutation: You are somewhat resistant to further mutation. [potion of mutation]
 61348 | Abyss:3  | Gained mutation: You are resistant to hostile enchantments. (MR+) [potion of mutation]
 61471 | Abyss:3  | Reached skill level 25 in Fighting
 61567 | Abyss:3  | Paralysed by accursed screaming for 1 turns
 61578 | Abyss:3  | Paralysed by accursed screaming for 1 turns
 61584 | Abyss:3  | Found a corrupted altar of Lugonu.
 61826 | Abyss:3  | Received a gift from Trog
 61858 | Abyss:3  | Received a gift from Trog
 61868 | Abyss:3  | Found a corrupted altar of Lugonu.
 62035 | Abyss:3  | Received a gift from Trog
 62506 | Abyss:3  | Paralysed by accursed screaming for 1 turns
 62605 | Abyss:3  | Received a gift from Trog
 62617 | Abyss:3  | Got an abyssal rune of Zot
 63007 | Depths:4 | Escaped the Abyss
 63042 | Depths:5 | Entered Level 5 of the Depths
 63352 | Depths:5 | Noticed Mennas
 63405 | Depths:5 | Noticed Sojobo
 63466 | Depths:5 | Received a gift from Trog
 63603 | Depths:5 | Killed Sojobo
 64002 | Depths:5 | Received a gift from Trog
 64090 | Depths:5 | Found a gate to the Realm of Zot.
 64346 | Depths:5 | Killed Mennas
 64346 | Depths:5 | Reached skill level 26 in Fighting
 65021 | Orc:1    | Bought an uncursed amulet of faith for 600 gold pieces
 65091 | Orc:2    | Bought a wand of digging (10) for 336 gold pieces
 65091 | Orc:2    | Bought a wand of digging (5) for 216 gold pieces
 65150 | Orc:2    | Bought 2 potions of lignification for 108 gold pieces
 65590 | Zot:1    | Entered Level 1 of the Realm of Zot
 65606 | Zot:1    | HP: 4/328 [golden dragon (21)]
 65606 | Zot:1    | Mangled by a death cob

Vault maps used:
D:1:      dpeg_arrival_stone_temple_mockup
D:2:      fedhas_altar_3
D:3:      cheibrodos_old_hovel
D:4:      lemuel_upstairs_altar, kennysheep_path_1, uniq_blork_the_orc
D:5:      first_ration
D:6:      marbit_many_paths, minmay_temple_entry_from_below_a
D:7:      uniq_menkaure
D:8:      minmay_the_grid_square_5x5_3x3, nicolae_ru_awakened_eye
D:9:      lemuel_ice_statue, david_lair_shrubbed, erik_orc_1
D:11:     grunt_tengu_nest, nicolae_twisting_strands, moated_statue, uniq_sonja,
          uniq_maurice
D:12:     jmf_multi_god_temple2
D:13:     minivault_1, uniq_nessos
D:14:     david_vaults_5, uniq_frances
D:15:     hangedman_depths_entry_try_elsewhere_first, hex_tiny,
          nicolae_qazlal_general_emergency
Lair:1:   uniq_erica
Lair:2:   minmay_swamp_entry_worms
Lair:3:   grunt_forest_small_clearing_treed, grunt_megastairs_1
Lair:4:   guppyfry_snake_entry_island
Lair:5:   beast_lair_carwin_large_4
Lair:6:   minmay_lair_end_frog_pond, slime_altar_1, minmay_lair_oklob_chamber
Swamp:1:  evilmike_swamp_ruin_house_2, swamp_pool5, ldierk_geyser,
          st_swamp_ruins_2, uniq_roxanne, uniq_louise
Swamp:2:  serial_swamp_ruin, evilmike_swamp_ruin_rubble_1,
          evilmike_swamp_ruin_house_5, uniq_jorgrun, uniq_nikola
Swamp:3:  nicolae_swamp_rocky_clearing
Swamp:4:  swamp_vile, swamp_pool5, nicolae_swamp_very_dense_foliage
Snake:1:  serial_bayou_lagoon_a, st_stairs_7, grunt_ministairs_11,
          nicolae_snake_springs, uniq_aizul
Snake:3:  uniq_donald
Snake:4:  minmay_snake_end_coiled, nicolae_snake_round_shape_thing, uniq_kirke
Orc:1:    serial_shops, shop, nicolae_orc_flooded_monolith
Orc:2:    pubby_orc_utopia, serial_shops
Vaults:1: hangedman_vaults_nodes, vaults_room_pools, nicolae_vaults_what_the_h,
          v_misc_11, nicolae_vaults_puzzle_piece,
          ontoclasm_vaults_decontamination, nicolae_vaults_network_quinsquares,
          v_rooms_2
Vaults:2: nicolae_vaults_disjoint_gnomons, ontoclasm_vaults_loading_screen,
          vaults_room_stairs_pillars, v_misc_15, v_misc_1,
          ontoclasm_vaults_shuriken, nicolae_vaults_twisting_passages,
          nicolae_vaults_theta, serial_shops, shop
Vaults:3: nicolae_vaults_network_quincunx, nicolae_vaults_rhombus_7,
          minmay_crypt_entry_necro_gods, vaults_mumra_chevron,
          grunt_vaults_funnel, nicolae_vaults_little_squares_1,
          vaults_dpeg_hooks
Vaults:4: nicolae_vaults_little_squares_6, vaults_dpeg_diagonal,
          hangedman_vaults_cutoff, nicolae_vaults_network_star,
          nicolae_vaults_little_squares_6, st_star, v_pattern_2,
          nicolae_vaults_ninety_degrees, grunt_vaults_twisty,
          vaults_mumra_minichess_inversion, nicolae_vaults_little_squares_1
Depths:1: pf_hell_entry_tar_spiral, fountainhead, nicolae_evil_shop,
          serial_bayou_shore_b, serial_bayou_shore_b, firewood_loft
Depths:2: nicolae_whirlpool, grunt_hell_entry_demonic_statue
Depths:3: dpeg_oklob_gauntlet, enter_ziggurat_d, grunt_pan_entry_spiral,
          hell_entry, serial_shops, nicolae_shop_crystal, hangedman_blasphemy,
          infiniplex_staircase_spiral
Depths:4: minmay_bad_star, pf_dread_powers_of_hell, serial_shops, shop,
          nicolae_abyss_entry_one_way_or_another, minmay_misc_feat_cross,
          infiniplex_staircase_star
Depths:5: grunt_zot_entry_funnels, grunt_hell_entry_dis_mu, uniq_sojobo,
          uniq_mennas
Zot:1:    hangedman_orp_of_zott
Abyss:2:  hangedman_decor_peaks_small
Abyss:3:  nicolae_abyss_rune_left_handed,
          hangedman_grunt_abyss_rune_horror_hoard

Skill      XL: |  1  2  3  4  5  6  7  8  9 10 11 12 13 14 15 16 17 18 19 20 21 22 23 24 25 |
---------------+----------------------------------------------------------------------------+-----
Maces & Flails | 3 4 5 6 7 8 10 11 12 13 14 15 16 17 18 19 20 21 22 | 22.0
Fighting       | 5 6 7 9 10 11 12 13 14 15 16 17 18 19 20 21 23 24 26 | 26.0
Evocations     | 1 4 5 7 8 9 10 | 10.9
Dodging        | 3 5 6 8 9 10 12 13 | 13.8
Throwing       | 3 5 7 9 10 11 12 13 14 15 16 | 16.0
Armour         | 6 9 11 12 14 15 | 15.5

Action                   |  1- 3 |  4- 6 |  7- 9 | 10-12 | 13-15 | 16-18 | 19-21 | 22-24 | 25-27 || total
-------------------------+-------+-------+-------+-------+-------+-------+-------+-------+-------++-------
Melee: Mace              |   110 |   131 |       |       |       |       |       |       |       ||   241
       Morningstar       |       |    38 |    21 |       |       |       |       |       |       ||    59
       Giant club        |       |    14 |   199 |   376 |  1180 |  1352 |  1318 |  1614 |   495 ||  6548
       Flail             |       |       |    24 |       |       |       |       |       |       ||    24
       Dire flail        |       |       |       |    99 |       |       |       |       |       ||    99
 Fire: Hand crossbow     |       |       |       |     2 |       |       |       |       |       ||     2
       Blowgun           |       |       |       |       |       |       |     2 |       |       ||     2
Throw: Stone             |       |       |       |    11 |     5 |       |       |       |       ||    16
       Tomahawk          |       |       |       |     7 |    91 |    88 |   137 |   111 |    28 ||   462
       Javelin           |       |       |       |       |    29 |       |    14 |    50 |    65 ||   158
       Large rock        |       |       |       |       |    12 |     7 |    16 |    24 |     8 ||    67
Invok: Berserk           |     2 |     8 |    12 |    19 |    17 |     5 |     7 |     7 |     4 ||    81
       Trog's Hand       |       |     2 |     4 |     3 |     5 |     9 |    13 |    11 |     3 ||    50
       Brothers in Arms  |       |       |     1 |     1 |     2 |     8 |     6 |     6 |     6 ||    30
       Burn Spellbooks   |       |       |       |     3 |     3 |     2 |     1 |     4 |       ||    13
 Abil: Evoke Invisibilit |       |       |       |       |     2 |     2 |     5 |    15 |     8 ||    32
       Evoke Ratskin     |       |       |       |       |       |       |       |     5 |       ||     5
Evoke: Wand              |       |       |     5 |     9 |    33 |    27 |     4 |    24 |     6 ||   108
       Sack of spiders   |       |       |       |       |     1 |       |       |       |       ||     1
       Lightning rod     |       |       |       |       |     4 |       |     8 |       |       ||    12
       Phial of floods   |       |       |       |       |     1 |     2 |     1 |     2 |     2 ||     8
       Fan of gales      |       |       |       |       |       |     1 |     1 |       |       ||     2
       Lamp of fire      |       |       |       |       |       |       |     5 |     3 |     3 ||    11
  Use: Scroll            |       |     4 |     2 |    15 |    10 |    15 |    13 |     9 |     3 ||    71
       Potion            |       |       |     1 |     4 |     2 |     7 |     4 |    11 |     8 ||    37
 Stab: Sleeping          |       |     1 |     1 |     4 |    18 |     1 |       |       |       ||    25
       Distracted        |       |       |       |     2 |     5 |     1 |     1 |     1 |     2 ||    12
       Invisible         |       |       |       |       |     4 |       |     8 |    27 |     9 ||    48
       Paralysed         |       |       |       |       |     6 |     4 |       |     9 |       ||    19
       Confused          |       |       |       |       |       |     1 |       |       |       ||     1
  Eat: Chunk             |     3 |    13 |    19 |    43 |    48 |    28 |    37 |    16 |     5 ||   212
       Ration            |       |       |     3 |     1 |     4 |     6 |     4 |    11 |     6 ||    35
Armor: Animal skin       |    24 |    57 |    43 |    39 |       |       |       |       |       ||   163
       Robe              |       |       |       |    38 |   253 |    27 |       |       |       ||   318
       Troll leather arm |       |       |       |       |       |    57 |       |       |       ||    57
       Ice dragon scales |       |       |       |       |       |    21 |       |       |       ||    21
       Fire dragon scale |       |       |       |       |       |   527 |   579 |   693 |   214 ||  2013
       Skin              |       |       |       |       |       |       |       |     6 |       ||     6
Dodge: Dodged            |    45 |    97 |   127 |   232 |   727 |   679 |   641 |   953 |   334 ||  3835
Block: Other             |       |       |       |    23 |    59 |       |       |       |       ||    82

Table legend:
 A = Spawn XP
 B = Non-spawn XP
 C = Spawn XP percentage of total XP
 D = Spawn monster count
 E = Non-spawn monster count
 F = Spawn count percentage of total count
 G = Total turns spent on level
                    A         B        C        D         E        F      G
               +---------+---------+-------+---------+---------+-------+---------
         Total |  175339 |  928015 |  15.9 |     340 |    2037 |  14.3 | 65606
               +---------+---------+-------+---------+---------+-------+---------
           D:1 |       0 |      37 |   0.0 |       0 |      21 |   0.0 |   718
           D:2 |       0 |      33 |   0.0 |       0 |      16 |   0.0 |   659
           D:3 |       0 |     166 |   0.0 |       0 |      40 |   0.0 |  1022
           D:4 |       0 |     588 |   0.0 |       0 |      29 |   0.0 |  1566
           D:5 |       0 |     800 |   0.0 |       0 |      15 |   0.0 |   897
           D:6 |       0 |     603 |   0.0 |       0 |      11 |   0.0 |  1301
           D:7 |       0 |    1543 |   0.0 |       0 |      28 |   0.0 |  1949
           D:8 |       0 |    3444 |   0.0 |       0 |      43 |   0.0 |  1318
           D:9 |       0 |    3115 |   0.0 |       0 |      31 |   0.0 |  1610
          D:10 |       0 |    5480 |   0.0 |       0 |      33 |   0.0 |  1250
          D:11 |       0 |    3497 |   0.0 |       0 |      29 |   0.0 |  1108
          D:12 |       0 |   13824 |   0.0 |       0 |      43 |   0.0 |  1044
          D:13 |       0 |    5498 |   0.0 |       0 |      15 |   0.0 |  1030
          D:14 |       0 |    9319 |   0.0 |       0 |      24 |   0.0 |   808
          D:15 |       0 |   26958 |   0.0 |       0 |      70 |   0.0 |  1669
        Lair:1 |       0 |    4743 |   0.0 |       0 |      17 |   0.0 |  1629
        Lair:2 |       0 |    4033 |   0.0 |       0 |      14 |   0.0 |  1683
        Lair:3 |       0 |    6196 |   0.0 |       0 |      21 |   0.0 |  1063
        Lair:4 |       0 |    8396 |   0.0 |       0 |      34 |   0.0 |  2124
        Lair:5 |       0 |    7207 |   0.0 |       0 |      23 |   0.0 |  1716
        Lair:6 |       0 |   21523 |   0.0 |       0 |      88 |   0.0 |  3275
       Swamp:1 |       0 |   16057 |   0.0 |       0 |      45 |   0.0 |   811
       Swamp:2 |       0 |   13236 |   0.0 |       0 |      26 |   0.0 |   734
       Swamp:3 |       0 |   11270 |   0.0 |       0 |      31 |   0.0 |  1014
       Swamp:4 |       0 |   30353 |   0.0 |       0 |      76 |   0.0 |  1381
       Snake:1 |       0 |   24838 |   0.0 |       0 |      50 |   0.0 |  1693
       Snake:2 |       0 |   21989 |   0.0 |       0 |      43 |   0.0 |  1409
       Snake:3 |       0 |   18079 |   0.0 |       0 |      27 |   0.0 |  1270
       Snake:4 |     490 |   43246 |   1.1 |       1 |      85 |   1.2 |  1437
         Orc:1 |       0 |    4460 |   0.0 |       0 |      41 |   0.0 |   831
         Orc:2 |       0 |   16883 |   0.0 |       0 |     138 |   0.0 |  2413
      Vaults:1 |       0 |   29507 |   0.0 |       0 |      59 |   0.0 |  1324
      Vaults:2 |       0 |   47363 |   0.0 |       0 |      80 |   0.0 |  1999
      Vaults:3 |       0 |   42828 |   0.0 |       0 |      74 |   0.0 |  1921
      Vaults:4 |       0 |   79468 |   0.0 |       0 |     100 |   0.0 |  1698
      Depths:1 |       0 |   47423 |   0.0 |       0 |      74 |   0.0 |  2436
      Depths:2 |       0 |   21560 |   0.0 |       0 |      39 |   0.0 |  1043
      Depths:3 |       0 |   69500 |   0.0 |       0 |      78 |   0.0 |  2637
      Depths:4 |      40 |   93489 |   0.0 |       1 |      78 |   1.3 |  2551
      Depths:5 |       0 |   67388 |   0.0 |       0 |      49 |   0.0 |  1119
         Zot:1 |       0 |    3062 |   0.0 |       0 |       4 |   0.0 |    16
       Abyss:1 |   21021 |   19141 |  52.3 |      27 |      33 |  45.0 |   996
       Abyss:2 |   21891 |    8590 |  71.8 |      50 |      17 |  74.6 |   943
       Abyss:3 |  131897 |   71282 |  64.9 |     261 |     145 |  64.3 |  4491
               +---------+---------+-------+---------+---------+-------+---------
